 Dungeon Crawl Stone Soup version 0.17-a0-1942-g46ae386 (webtiles) character file.

6 ololoev the Skirmisher (level 1, -2/16 HPs)
             Began as a High Elf Fighter on Sept 30, 2015.
             Slain by a kobold
             ... wielding a +0 dagger
              (4 damage)
             ... on level 3 of the Dungeon.
             The game lasted 00:00:42 (113 turns).

ololoev the Skirmisher (High Elf Fighter)            Turns: 113, Time: 00:00:42

Health: -2/16      AC:  6    Str: 15    XL:     1   Next: 75%
Magic:  2/2        EV:  9    Int: 11    God:
Gold:   26         SH:  0    Dex: 14    Spells: 0 memorised, 0 levels left

rFire  . . .     SeeInvis .     a - +0 long sword
rCold  . . .     Clarity  .     b - +0 scale mail
rNeg   . . .     SustAt   .     (no shield)
rPois  .         Gourm    .     (no helmet)
rElec  .         Spirit   .     (no cloak)
rCorr  .         Warding  .     (no gloves)
rMut   .         Stasis   .     (no boots)
MR     .....                    (no amulet)
Stlth  ..........               (no ring)
                                (no ring)

@: not resistant to hostile enchantments, extremely unstealthy
A: no striking features
a: no special abilities

Inventory:

Hand weapons
 a - a +0 long sword (weapon)
Armour
 b - a +0 scale mail (worn)
 c - a +0 shield
Scrolls
 f - a scroll of recharging {unknown}
Potions
 d - a potion of might
 g - a potion of magic {unknown}
 h - a potion of cure mutation {unknown}
Comestibles
 e - a bread ration


   Skills:
 + Level 3.1 Fighting
 * Level 2.6 Long Blades
 + Level 2.9 Armour
 - Level 2.6 Shields


You couldn't memorise any spells.
You didn't know any spells.


You were on level 3 of the Dungeon.
You were not hungry.

You visited 1 branch of the dungeon, and saw 3 of its levels.

You collected 26 gold pieces.

#.....8.....#
#.[>...).<..#
#.....8.....#
#.....[.....#
##..8...8..##
##...†...##
#..#####........#
.....lwK.(......#
.####@.........#
#..........#
#..........#
#..........#
#?.........#
##r.......##
.#......## ?
#######

Notes
Turn   | Place    | Note
--------------------------------------------------------------
     0 | D:1      | ololoev the High Elf Fighter began the quest for the Orb.
     0 | D:1      | Reached XP level 1. HP: 16/16 MP: 2/2
   113 | D:3      | Slain by a kobold

Dungeon Overview and Level Annotations

Branches:
Dungeon (3/15)

Altars:


Message History

You miss the kobold. The kobold barely misses you.
You barely miss the kobold. The kobold hits you but does no damage.
The kobold closely misses you. The kobold hits you but does no damage.
You barely miss the kobold. The kobold barely misses you. The kobold hits you.
You barely miss the kobold. The kobold hits you but does no damage.
The kobold hits you.
A giant gecko comes into view.
You hit the kobold.
You kill the kobold!
The kobold hits you but does no damage. The kobold completely misses you.
You hit the worm.
The worm is moderately wounded.
The kobold hits you but does no damage.
You hit the worm.
The worm is heavily wounded.
The kobold closely misses you. The worm bites you but does no damage.
You barely miss the worm.
The worm is heavily wounded.
The kobold barely misses you. The worm bites you but does no damage.
You hit the worm.
The worm is severely wounded.
The kobold barely misses you. The kobold hits you with a dagger.
You hit the worm but do no damage.
The worm is severely wounded.
The worm bites you!
Ouch! That really hurt!
The kobold hits you but does no damage.
You are too injured to fight recklessly!
You are too injured to fight recklessly!
You are too injured to fight recklessly!
You hit the worm but do no damage.
The worm is heavily wounded.
The kobold closely misses you. The worm barely misses you.
You slash the worm!
The worm is almost dead.
The kobold closely misses you. The worm bites you but does no damage.
You hit the worm but do no damage.
The worm is almost dead.
The kobold barely misses you. The kobold hits you with a dagger.
You die...

You could see a worm, a giant gecko, a kobold and a rat (wandering).

Vanquished Creatures
  A bat (D:3)
  A goblin (D:3)
  A hobgoblin (D:2)
  2 kobolds (D:3)
5 creatures vanquished.

Action                   || total
-------------------------++-------
Melee: Long sword        ||    32

Vault maps used:
D:1:      dpeg_arrival_pits, serial_co_window_serial,
          co_window_of_opportunity_a, co_window_of_opportunity_a,
          co_window_paths_a, co_window_paths_b, co_window_of_opportunity_a,
          co_window_of_opportunity_a, co_window_paths_a, co_window_broadway_b,
          co_window_broadway_a, co_window_broadway_c, co_window_broadway_b
D:3:      nicolae_overflow_hidden_temple, grunt_ministairs_10
